 Dungeon Crawl Stone Soup version 0.18-a0-1626-g65af6d3 (webtiles) character file.

6775 dvd the Geomancer (level 11, -10/62 HPs)
             Began as a Gargoyle Earth Elementalist on Mar 24, 2016.
             Was an Elder of Sif Muna.
             Splashed by an oklob plant's acid (14 damage)
             ... on level 9 of the Dungeon.
             The game lasted 00:54:20 (13199 turns).

dvd the Geomancer (Gargoyle Earth Elementalist)    Turns: 13199, Time: 00:54:21

Health: -10/62     AC:  2    Str: 13    XL:     11   Next: 4%
Magic:  20/22      EV: 13    Int: 18    God:    Sif Muna [****..]
Gold:   432        SH:  0    Dex: 10    Spells: 3 memorised, 13 levels left

rFire  . . .     SeeInvis .     l - +2 quarterstaff (speed)
rCold  . . .     Gourm    +     x - +0 leather armour
rNeg   + . .     Faith    .     (shield currently unavailable)
rPois  ∞         Spirit   .     (no helmet)
rElec  +         Dismiss  .     s - +2 cloak {+Inv}
rCorr  .         Reflect  .     (no gloves)
SustAt .         Harm     .     (no boots)
MR     +....                    f - amulet of the gourmand
Stlth  ++........               (no ring)
                                C - ring of flight

@: corroded, somewhat resistant to hostile enchantments, unstealthy
A: magic resistance 1, negative energy resistance 1, electricity resistance,
unbreathing, petrification resistance, rot immunity, AC +7
a: Channel Energy, Forget Spell, Renounce Religion, Evoke Invisibility, Evoke
Flight


You were on level 9 of the Dungeon.
You worshipped Sif Muna.
Sif Muna was greatly pleased with you.
You were full.

You visited 2 branches of the dungeon, and saw 10 of its levels.

You collected 573 gold pieces.
You spent 141 gold pieces at shops.

Inventory:

Hand Weapons
 a - a +3 quarterstaff of protection
 b - a +2 rapier of venom
 c - a +0 scythe of holy wrath
 k - a +1 great sword of freezing
 l - a +2 quarterstaff of speed (weapon)
 n - a +1 hand axe of chopping
 y - the +10 hunting sling of Blood {flame, MR++ Int+4 Dex+3}
   (You found it on level 8 of the Dungeon)

   It causes projectiles fired from it to burn those they strike, causing extra
   injury to most foes and up to half again as much damage against particularly
   susceptible opponents.
   It affects your intelligence (+4).
   It affects your dexterity (+3).
   It affects your resistance to hostile enchantments.
 O - a +2 quarterstaff of chaos
Missiles
 h - 130 stones (quivered)
 z - 21 sling bullets
Armour
 s - a +2 cloak of invisibility (worn)
 t - a +0 robe
 v - a +0 shield
 w - a +0 scale mail
 x - a +0 leather armour (worn)
 H - a +1 chain mail of cold resistance
Jewellery
 f - an amulet of the gourmand (around neck)
 C - a ring of flight (left hand)
Wands
 N - a wand of slowing (41/48)
Scrolls
 i - 13 scrolls of identify
 m - a scroll of magic mapping
 o - a scroll of amnesia
 u - a scroll of enchant armour
 J - 4 scrolls of remove curse
Potions
 e - a potion of flight
 g - a potion of haste
 p - a potion of brilliance
 q - a potion of agility
 r - a potion of heal wounds {unknown}
 L - 2 potions of curing
Books
 K - a book of Geomancy

   Spells                             Type                      Level
   a - Sandblast                      Earth                        1
   b - Passwall                       Transmutation/Earth          2
   c - Stone Arrow                    Conjuration/Earth            3
   d - Petrify                        Transmutation/Earth          4
   e - Lee's Rapid Deconstruction     Earth                        5
Comestibles
 d - 7 bread rations
 j - 2 slices of pizza
 A - 2 fruits
 B - 5 beef jerkies
 E - a meat ration


   Skills:
 + Level 4.7 Fighting
   Level 1.0(3.2) Maces & Flails
 + Level 4.9(5.0) Staves
 + Level 3.8 Armour
 + Level 6.1 Dodging
 + Level 4.8 Stealth
 + Level 0.4 Unarmed Combat
 + Level 7.9 Spellcasting
 + Level 4.0 Conjurations
 + Level 1.6 Transmutations
 + Level 9.7 Earth Magic
 + Level 0.1 Evocations


You had 13 spell levels left.
You knew the following spells:

 Your Spells              Type           Power        Failure   Level  Hunger
a - Petrify               Trmt/Erth      ####....     14%         4    ###....
b - Stone Arrow           Conj/Erth      ####..       2%          3    #......
c - Lee's Rapid Deconstr  Erth           #####.....   8%          5    #####..


Dungeon Overview and Level Annotations

Branches:
Dungeon (9/15)             Temple (1/1) D:5            Lair (0/8) D:8
    Orc: D:9-12

Altars:
Ashenzari
Cheibriados
Dithmenos
Elyvilon
Fedhas
Gozag
Kikubaaqudgha
Makhleb
Nemelex Xobeh
Okawaru
Pakellas
Qazlal
Ru
Sif Muna
Trog
Vehumet
Xom
Yredelemnul
Zin
The Shining One

Shops:
D:4 *   D:9 =

Annotations:
D:9 exclusion: oklob plant


Innate Abilities, Weirdness & Mutations

You are resistant to torment.
Your stone body is resilient (AC +7).
You are immune to poison.
You resist negative energy.
You are resistant to electric shocks.
You can survive without breathing.
You are immune to petrification.
You are immune to rotting.
You are resistant to hostile enchantments.


Message History

Here: an oklob plant (petrified)
The floor.
Unknown command.
The oklob plant is no longer petrified.
The oklob plant spits acid at you. The splash of acid hits you!
The acid corrodes you!
The acid burns!
The oklob plant spits acid at you. The splash of acid hits you!
The acid burns!
The oklob plant spits acid at you. The splash of acid hits you!
The acid burns!
* * * LOW HITPOINT WARNING * * *
The oklob plant spits acid at you. The splash of acid hits you!
The acid corrodes you!
The acid burns!
* * * LOW HITPOINT WARNING * * *
Read which item? (? for menu, Esc to quit)
Okay, then.
Unknown command.
The oklob plant spits acid at you. The splash of acid hits you!
The acid corrodes you!
The acid burns!
You die...

###################
######.........)........
###..........#############
#.......>.................
#.#......@...#############
#.#..........# #
#.#..........# #######
#.#..........# #......
#.#..........# #......
#.#...P......# #......
#.#..P_P.....# #......
#.####P..##### #...... #.#
##### #......


You could see an oklob plant.

Vanquished Creatures
  Erolcha (D:9)
  A cyclops (D:8)
  Joseph (D:7)
  Maurice (D:8)
  A troll (D:9)
  Grinder (D:3)
  The ghost of bl4d3 the Digger, an amateur GrEE (D:9)
  A spriggan (D:8)
  Sigmund (D:6)
  Eustachio (D:5)
  A hippogriff (D:8)
  A steam dragon (D:7)
  Edmund (D:6)
  2 water moccasins
  Duvessa (D:6)
  2 orc warriors (D:6)
  A phantom (D:9)
  An ice beast (D:5)
  4 ogres
  4 centaurs
  A crocodile (D:8)
  2 big kobolds
  2 giant frogs
  Dowan (D:6)
  3 scorpions
  5 wights (D:6)
  2 electric eels
  2 howler monkeys
  4 crimson imps
  3 jellies
  8 orc priests
  Crazy Yiuf (D:7)
  6 orc wizards
  6 hounds
  2 centaur skeletons
  A giant frog skeleton (D:9)
  3 iguanas
  6 worker ants
  2 hound skeletons
  A worker ant zombie (D:8)
  A howler monkey skeleton (D:6)
  9 adders
  3 oozes
  An adder skeleton (D:7)
  An adder zombie (D:6)
  6 worms
  A dart slug (D:1)
  7 giant geckos
  42 orcs
  11 bats
  6 giant cockroaches
  10 goblins
  7 hobgoblins
  24 jackals
  A quokka (D:2)
  3 ball pythons
  A giant gecko skeleton (D:5)
  5 giant newts
  A jackal skeleton (D:4)
  A jackal zombie (D:6)
  9 kobolds
  11 rats
  4 fungi (D:6)
254 creatures vanquished.

Vanquished Creatures (others)
  2 kobolds (D:7)
2 creatures vanquished.

Grand Total: 256 creatures vanquished

Notes
Turn   | Place    | Note
--------------------------------------------------------------
     0 | D:1      | dvd the Gargoyle Earth Elementalist began the quest for the Orb.
     0 | D:1      | Reached XP level 1. HP: 10/10 MP: 3/3
   151 | D:1      | Reached XP level 2. HP: 15/15 MP: 3/5
   419 | D:1      | Reached skill level 4 in Earth Magic
   888 | D:1      | Reached XP level 3. HP: 16/19 MP: 2/6
  1238 | D:2      | Found a shattered altar of Ashenzari.
  1283 | D:2      | Learned a level 3 spell: Stone Arrow
  1658 | D:2      | Reached XP level 4. HP: 15/24 MP: 3/8
  1848 | D:2      | Found a deep blue altar of Sif Muna.
  1858 | D:2      | Became a worshipper of Sif Muna the Loreminder
  2610 | D:3      | Reached skill level 5 in Earth Magic
  2610 | D:3      | Reached XP level 5. HP: 23/28 MP: 1/9
  2668 | D:3      | Found a radiant altar of Vehumet.
  3253 | D:3      | Noticed Grinder
  3271 | D:3      | Paralysed by Grinder for 6 turns
  3283 | D:3      | Killed Grinder
  3283 | D:3      | Reached skill level 1 in Fighting
  3283 | D:3      | Reached XP level 6. HP: 4/34 MP: 0/11
  3936 | D:4      | Reached skill level 6 in Earth Magic
  3974 | D:4      | Gained mutation: You are partially covered in icy blue scales (AC +1). [potion of beneficial mutation]
  3975 | D:4      | Lost mutation: You are partially covered in icy blue scales (AC +1). [potion of cure mutation]
  3977 | D:4      | Reached skill level 1 in Armour
  3977 | D:4      | Reached XP level 7. HP: 7/38 MP: 6/13
  4290 | D:4      | Found Jicaihob's General Store.
  4298 | D:4      | Bought a +1 quarterstaff of protection for 141 gold pieces
  4339 | D:4      | Reached * piety under Sif Muna
  4458 | D:4      | Reached skill level 1 in Maces & Flails
  5125 | D:4      | Gained mutation: You are resistant to hostile enchantments. [potion of beneficial mutation]
  5164 | D:5      | Entered Level 5 of the Dungeon
  5295 | D:5      | Found a staircase to the Ecumenical Temple.
  5312 | Temple   | Entered the Ecumenical Temple
  5416 | D:5      | Noticed Eustachio
  5432 | D:5      | Killed Eustachio
  5432 | D:5      | Reached skill level 1 in Staves
  5432 | D:5      | Reached XP level 8. HP: 42/44 MP: 0/15
  5550 | D:5      | Reached skill level 5 in Spellcasting
  5774 | D:5      | Reached skill level 7 in Earth Magic
  5902 | D:5      | Reached skill level 1 in Conjurations
  6312 | D:5      | Learned a level 5 spell: Lee's Rapid Deconstruction
  6338 | D:5      | Found a burning altar of Makhleb.
  6864 | D:6      | Noticed Edmund
  6870 | D:6      | Killed Edmund
  7106 | D:6      | Noticed Sigmund
  7109 | D:6      | Noticed Duvessa
  7114 | D:6      | Killed Sigmund
  7114 | D:6      | Reached ** piety under Sif Muna
  7114 | D:6      | Reached XP level 9. HP: 49/49 MP: 13/17
  7115 | D:6      | Noticed Dowan
  7117 | D:6      | Killed Duvessa
  7123 | D:6      | Killed Dowan
  7371 | D:6      | Reached skill level 8 in Earth Magic
  9069 | D:7      | Reached skill level 5 in Dodging
  9083 | D:7      | Found an iron altar of Okawaru.
  9087 | D:7      | Noticed Joseph
  9113 | D:7      | HP: 1/51 [Joseph/uncursed quarterstaff of speed (12)]
  9118 | D:7      | Killed Joseph
  9118 | D:7      | Reached *** piety under Sif Muna
  9118 | D:7      | Reached skill level 9 in Earth Magic
  9118 | D:7      | Reached XP level 10. HP: 5/56 MP: 2/20
  9628 | D:7      | Noticed Crazy Yiuf
  9634 | D:7      | Killed Crazy Yiuf
  9767 | D:7      | Found a radiant altar of Vehumet.
  9973 | D:7      | Found an opulent altar of Gozag.
 10197 | D:8      | Noticed Maurice
 10270 | D:8      | Killed Maurice
 10527 | D:8      | Found an ancient bone altar of Kikubaaqudgha.
 10531 | D:8      | Got a twisted hunting sling
 10532 | D:8      | Identified the +10 hunting sling of Blood {flame, MR++ Int+4 Dex+3} (You found it on level 8 of the Dungeon)
 10584 | D:8      | Found a staircase to the Lair.
 10611 | D:8      | Learned a level 4 spell: Petrify
 10621 | D:8      | Noticed a cyclops
 10646 | D:8      | Killed a cyclops
 10646 | D:8      | Reached skill level 1 in Transmutations
 10945 | D:8      | Found a sacrificial altar of Ru.
 11375 | D:9      | Found Leklogil's Jewellery Boutique.
 11417 | D:9      | Found a sparkling altar of Nemelex Xobeh.
 11417 | D:9      | Noticed an oklob plant
 11592 | D:9      | Noticed Erolcha
 11604 | D:9      | Killed Erolcha
 12115 | D:9      | Reached XP level 11. HP: 19/62 MP: 2/22
 12525 | D:9      | Noticed bl4d3's ghost (amateur GrEE)
 12533 | D:9      | Killed bl4d3's ghost
 12533 | D:9      | Reached **** piety under Sif Muna
 13198 | D:9      | HP: 3/62 [acid (10)]
 13199 | D:9      | Splashed by an oklob plant's acid

Vault maps used:
D:1:      dpeg_arrival_radiant
D:2:      lemuel_round_altar, ashenzari_conservatory_becter,
          kennysheep_generic_room_16
D:3:      vehumet_crystals, first_bread, portal_sewer_entry_b, uniq_grinder
D:4:      serial_shops, shop, item_on_display_a
D:5:      makhleb_grotto_becter, minmay_temple_entry_overgrown,
          minmay_misc_feat_roman, uniq_eustachio
D:6:      dk_noncrumbling_3, hangedman_decor_growths, water_boxes_lemuel,
          uniq_duvessa, uniq_edmund, uniq_sigmund
D:7:      nicolae_gozag_seed_capital, okawaru_ov_weapons_minmay, basic_altar,
          serial_bayou, serial_bayou_pond_e, serial_bayou_pond_b,
          serial_bayou_pond_a, serial_bayou_pond_a, uniq_joseph,
          uniq_crazy_yiuf_cottage
D:8:      kiku_gazebo_garden_becter, nicolae_ru_awakened_eye, lair_0_dummy,
          the_bakery, serial_bayou_lagoon_a, uniq_maurice
D:9:      serial_shops, shop, lemuel_oklob_altar, uniq_erolcha
Temple:   circular_temple_12

Skill      XL: |  1  2  3  4  5  6  7  8  9 10 11 |
---------------+----------------------------------+-----
Earth Magic    | 4 5 6 7 9 |  9.7
Dodging        | 2 3 4 5 6 |  6.1
Spellcasting   | 3 4 5 7 |  7.9
Fighting       | 1 2 3 4 |  4.7
Armour         | 1 2 3 |  3.8
Maces & Flails | 1 |  1.0
Staves         | 1 3 4 |  4.9
Stealth        | 3 4 |  4.8
Conjurations   | 1 3 4 |  4.0
Transmutations | 1 |  1.6
Unarmed Combat | |  0.4
Evocations     | |  0.1

Action                   |  1- 3 |  4- 6 |  7- 9 | 10-12 || total
-------------------------+-------+-------+-------+-------++-------
Melee: Unarmed           |    58 |       |       |       ||    58
       Dire flail        |       |    87 |       |       ||    87
       Quarterstaff      |       |       |   308 |   241 ||   549
       Hand axe          |       |       |       |     8 ||     8
 Cast: Sandblast         |    70 |    67 |    85 |     1 ||   223
       Stone Arrow       |     1 |     7 |    66 |    52 ||   126
       Lee's Rapid Decon |       |       |     2 |     3 ||     5
       Petrify           |       |       |       |    12 ||    12
 Abil: Evoke Flight      |       |       |     3 |       ||     3
  Use: Scroll            |     3 |       |     2 |    12 ||    17
       Potion            |       |     8 |     4 |     1 ||    13
 Stab: Sleeping          |     4 |       |     4 |     1 ||     9
       Petrified         |       |       |       |     6 ||     6
       Petrifying        |       |       |       |     2 ||     2
  Eat: Chunk             |    14 |    12 |    17 |    19 ||    62
